 Dungeon Crawl Stone Soup version 0.24.0-123-gd5b16e6ec5 (webtiles) character file.

Game seed: 16706435969245253829, levelgen mode: deterministic

1066 Bergy the Basher (level 8, -5/46 HPs)
             Began as a Gargoyle Fighter on Dec 23, 2019.
             Slain by an orc warrior
             ... wielding a +0 halberd
              (9 damage)
             ... on level 6 of the Dungeon.
             The game lasted 00:15:23 (5156 turns).

Bergy the Basher (Gargoyle Fighter)                 Turns: 5156, Time: 00:15:23

Health: -5/46      AC: 12    Str: 22    XL:     8   Next: 28%
Magic:  8/8        EV:  7    Int:  9    God:
Gold:   363        SH:  9    Dex:  9    Spells: 7/7 levels left

rFire    . . .     SeeInvis .   a - +0 flail
rCold    . . .     Gourm    .   c - +0 shield
rNeg     + . .     Faith    .   b - +0 scale mail
rPois    ∞         Spirit   .   (no helmet)
rElec    +         Reflect  .   (no cloak)
rCorr    +         Harm     .   (no gloves)
MR       .....                  (no boots)
Stlth    ..........             (no amulet)
HPRegen  0.15/turn              n - ring of resist corrosion
MPRegen  0.11/turn              (no ring)

@: no status effects
A: negative energy resistance 1, electricity resistance, unbreathing,
petrification resistance, rot immunity, AC +5
a: no special abilities


You were on level 6 of the Dungeon.
You were not hungry.

You visited 2 branches of the dungeon, and saw 7 of its levels.

You collected 363 gold pieces.

Inventory:

Hand Weapons
 a - a +0 flail (weapon)
Armour
 b - a +0 scale mail (worn)
 c - a +0 shield (worn)
 s - a +0 plate armour
Jewellery
 n - a ring of resist corrosion (left hand)
Wands
 h - a wand of clouds (4)
Scrolls
 e - a scroll of fog {unknown}
 g - 2 scrolls of remove curse {unknown}
 i - 2 scrolls of blinking {unknown}
 k - 4 scrolls of identify
 m - a scroll of fear {unknown}
 r - a scroll of magic mapping {unknown}
 v - a scroll of amnesia {unknown}
Potions
 j - a potion of agility
 l - a potion of heal wounds {unknown}
 o - a potion of invisibility {unknown}
 p - a potion of brilliance {unknown}
 q - a potion of degeneration {unknown}
 t - a potion of mutation {unknown}
Comestibles
 d - a chunk of flesh
 f - 6 rations


   Skills:
 - Level 3.2 Fighting
 * Level 9.6 Maces & Flails
 - Level 3.2 Armour
 - Level 3.2 Shields


You had 7 spell levels left.
You didn't know any spells.
Your spell library was empty.

Dungeon Overview and Level Annotations

Branches:
Dungeon (6/15)             Temple (1/1) D:5

Altars:
Ashenzari
Cheibriados
Elyvilon
Fedhas
Hepliaklqana
Kikubaaqudgha
Nemelex Xobeh
Okawaru
Sif Muna
Trog
Uskayaw
Vehumet
Xom
Zin
The Shining One
Lugonu

Shops:
D:4 *


Innate Abilities, Weirdness & Mutations

You are resistant to torment.
Your stone body is resilient. (AC +5)
You are immune to poison.
You resist negative energy. (rN+)
You are resistant to electric shocks. (rElec)
You can survive without breathing.
You are immune to petrification.
You are immune to rotting.


Message History

The orc warrior is severely wounded.
You block the orc warrior's attack.
You hit the orc warrior but do no damage.
The orc warrior is severely wounded.
You barely miss the orc warrior.
The orc warrior is severely wounded.
You block the orc warrior's attack.
The orc wizard casts a spell.
The orc wizard seems to speed up.
Your shield and scale mail prevent you from hitting the orc warrior.
The orc warrior is severely wounded.
You block the orc warrior's attack.
You closely miss the orc warrior.
The orc warrior is severely wounded.
The orc wizard casts a spell.
The orc wizard blinks!
The orc warrior closely misses you.
Your scale mail prevents you from hitting the orc warrior.
The orc warrior is severely wounded.
The orc warrior hits you with a +0 halberd!
You die...

#.########## ##
#..o@......######
#.
##########......#
#. ######.####.
#....... ########
#.## #...


You could see an orc warrior.

Vanquished Creatures
  Eustachio (D:5)
  A necrophage (D:5)
  2 centaurs (D:5)
  An ogre (D:5)
  A scorpion (D:5)
  A howler monkey (D:5)
  A crimson imp (D:3)
  A bullfrog zombie (D:4)
  2 orc wizards
  A hound (D:4)
  Jessica (D:2)
  2 iguanas
  4 worker ants
  11 adders
  An ooze (D:1)
  An adder skeleton (D:5)
  A worm (D:4)
  2 dart slugs
  5 leopard geckos
  5 orcs
  4 bats
  2 giant cockroaches
  3 goblins
  7 hobgoblins
  4 jackals
  A ball python (D:5)
  8 frilled lizards
  8 kobolds
  A leopard gecko zombie (D:5)
  A quokka skeleton (D:4)
  A quokka zombie (D:5)
  4 rats
89 creatures vanquished.

Notes
Turn   | Place    | Note
-------+----------+-------------------------------------------
     0 | D:1      | Bergy the Gargoyle Fighter began the quest for the Orb.
     0 | D:1      | Reached XP level 1. HP: 14/14 MP: 1/1
   315 | D:1      | Reached XP level 2. HP: 18/19 MP: 2/2
   611 | D:1      | Reached skill level 3 in Maces & Flails
   977 | D:2      | Reached XP level 3. HP: 21/23 MP: 3/3
  1027 | D:2      | Noticed Jessica
  1041 | D:2      | Killed Jessica
  1041 | D:2      | Reached skill level 4 in Maces & Flails
  1041 | D:2      | Reached XP level 4. HP: 28/28 MP: 4/4
  1057 | D:2      | Found a shimmering blue altar of Sif Muna.
  1932 | D:3      | Found a glowing silver altar of Zin.
  2022 | D:3      | Found a shattered altar of Ashenzari.
  2053 | D:3      | Reached skill level 5 in Maces & Flails
  2053 | D:3      | Reached XP level 5. HP: 28/32 MP: 5/5
  2733 | D:4      | Reached skill level 6 in Maces & Flails
  2943 | D:4      | Found a bloodstained altar of Trog.
  3016 | D:4      | Reached XP level 6. HP: 37/37 MP: 6/6
  3055 | D:4      | Found Cesch's Assorted Antiques.
  3434 | D:4      | Found a blossoming altar of Fedhas.
  3661 | D:5      | Entered Level 5 of the Dungeon
  3683 | D:5      | Reached skill level 7 in Maces & Flails
  3787 | D:5      | Found a staircase to the Ecumenical Temple.
  3792 | Temple   | Entered the Ecumenical Temple
  3907 | D:5      | Reached XP level 7. HP: 34/41 MP: 7/7
  3977 | D:5      | Found a radiant altar of Vehumet.
  4143 | D:5      | Reached skill level 8 in Maces & Flails
  4273 | D:5      | Noticed Eustachio
  4320 | D:5      | Killed Eustachio
  4320 | D:5      | Reached skill level 9 in Maces & Flails
  4320 | D:5      | Reached XP level 8. HP: 15/46 MP: 8/8
  5156 | D:6      | Slain by an orc warrior

Levels and vault maps discovered:
D:1:      dpeg_arrival_rhombi, layout_basic, hangedman_decor_push
D:2:      layout_basic, lemuel_coloured_pillars_altar, first_ration,
          uniq_jessica
D:3:      layout_basic, zin_statuary, ashenzari_altar_1
D:4:      layout_loops_ring, kennysheep_little_box, bloody_trog, serial_shops,
          kennysheep_mini
D:5:      layout_loops_cross, marbit_many_paths, minmay_temple_entry_trees,
          uniq_eustachio
D:6:      layout_loops_ring, lemuel_crystal_altar, uniq_sigmund,
          uniq_crazy_yiuf_cottage
Temple:   corrupted_temple

Skill      XL: |  1  2  3  4  5  6  7 |
---------------+----------------------+-----
Maces & Flails | 3 4 5 6 7 9 |  9.6
Fighting       | |  3.2
Armour         | |  3.2
Shields        | |  3.2

Action                   |  1- 3 |  4- 6 |  7- 9 || total
-------------------------+-------+-------+-------++-------
Melee: Flail             |    73 |   191 |   136 ||   400
  Use: Scroll            |       |     2 |       ||     2
       Potion            |       |       |     2 ||     2
  Eat: Chunk             |       |    10 |     4 ||    14
Armor: Scale mail        |    39 |   100 |    74 ||   213
Dodge: Dodged            |    22 |    58 |    46 ||   126
Block: Shield            |    32 |   106 |    73 ||   211
